Map: Odyssey LE

Players

MMA - Winner!

  • Race: Terran Terran
  • League: Diamond
  • Spawn Location: 5:00

Stephano

  • Race: Zerg Zerg
  • League: Grandmaster
  • Spawn Location: 11:00

Event: HomeStory Cup XVI

VOD

Have the link to the VOD?

Description

Time

  • Played on: Nov. 9, 2017, 10 a.m.
  • Length: 15:41

All games in this series

Show
View Real Time Build Order
Export as new Build Order

MMA Terran - Winner!

Build Orders: Gas First Reaper Expand, Liberator Opening, Reaper Expand, Mech 

Get SALT Encoding   

  12  0:00  SCV  
  13  0:13  SCV  
  14  0:16  Supply Depot  
  14  0:25  SCV  
  15  0:29  Refinery  
  15  0:38  SCV  
  16  0:44  Barracks  
  16  0:50  SCV  
  17  1:02  SCV  
  18  1:14  SCV  
  19  1:30  Orbital Command  
  19  1:31  Reaper  
  20  1:41  Command Center  
  20  1:53  Factory  
  20  1:56  SCV  
  21  2:04  Supply Depot  
  21  2:08  SCV  
  21  2:09  Barracks Reactor  
  21  2:13  Refinery  
  22  2:20  SCV  
  23  2:33  SCV  
  24  2:40  Starport  
  24  2:45  SCV  
  24  2:49  Hellion x2  
  29  2:54  Orbital Command  
  29  2:57  SCV  
  30  3:04  Barracks Tech Lab  
  30  3:10  Hellion x2  
  30  3:12  SCV  
  35  3:19  SCV  
  36  3:24  SCV  
  36  3:26  Viking  
  39  3:29  Supply Depot  
  39  3:33  SCV  
  40  3:36  SCV  
  40  3:37  Hellion  
  40  3:38  Hellion  
  40  3:39  Liberator  
  45  3:44  Supply Depot  
  45  3:47  SCV  
  46  3:50  SCV  
  47  3:59  SCV  
  48  4:03  SCV  
  48  4:06  Hellion x2  
  49  4:11  SCV  
  49  4:15  SCV  
  49  4:23  SCV  
  50  4:27  SCV, Hellion x2  
  55  4:33  Command Center  
  55  4:41  SCV  
  55  4:42  SCV  
  53  4:48  Hellion  
  53  4:49  Hellion  
  53  4:54  SCV x2  
  54  5:05  Refinery  
  54  5:06  SCV x2  
  56  5:07  Refinery  
  56  5:10  Hellion x2  
  56  5:11  Factory  
  56  5:13  Factory  
  60  5:17  Armory  
  60  5:19  SCV x2, Armory  
  62  5:26  Supply Depot  
  62  5:38  Barracks Reactor  
  62  5:41  SCV x2  
  62  5:48  Hellion x2  
  66  5:53  SCV x2  
  66  5:56  Orbital Command  
  65  6:04  Starport Reactor  
  61  6:05  SCV x2  
  61  6:06  Terran Vehicle Weapons Level 1  
  61  6:07  Terran Vehicle And Ship Armor Level 1, Factory Tech Lab  
  61  6:09  Hellion x2  
  67  6:11  Siege Tank  
  70  6:19  SCV x2  
  70  6:22  Orbital Command  
  72  6:29  Siege Tank  
  72  6:31  Hellion x2  
  72  6:32  SCV x2  
  81  6:37  Factory  
  81  6:38  Factory  
  81  6:39  Refinery  
  81  6:40  Refinery  
  81  6:44  Supply Depot, SCV, Siege Tank  
  81  6:45  Supply Depot  
  85  6:56  Supply Depot  
  85  7:06  Hellion x2, SCV, Siege Tank  
  85  7:07  Medivac, SCV x2, Barracks Tech Lab  
  97  7:18  Supply Depot, SCV  
  97  7:19  Supply Depot, SCV x2  
  100  7:25  Command Center  
  100  7:29  Siege Tank  
  103  7:30  SCV  
  103  7:31  Hellion x2, SCV  
  109  7:40  SCV, Hellion x2  
  109  7:41  Supply Depot  
  109  7:42  SCV  
  115  7:46  Siege Tank x2  
  115  7:50  Supply Depot  
  115  7:51  SCV  
  122  7:52  SCV  
  122  7:53  Supply Depot  
  122  7:55  Supply Depot  
  122  7:56  Supply Depot, Engineering Bay  
  123  8:01  SCV  
  123  8:03  Siege Tank  
  127  8:06  Infernal Pre-Igniter  
  127  8:08  Hellion  
  129  8:18  Siege Tank  
  129  8:19  Terran Vehicle Weapons Level 2, Siege Tank  
  135  8:20  Terran Vehicle And Ship Armor Level 2  
  135  8:26  Hellion x3  
  140  8:36  Siege Tank  
  143  8:47  Hellion x4  
  151  8:50  Siege Tank  
  151  8:52  Supply Depot  
  151  8:53  Supply Depot  
  154  8:58  Siege Tank  
  157  9:05  SCV x3  
  157  9:09  Hellion  
  168  9:10  Hellion x3, Siege Tank  
  171  9:21  Refinery  
  171  9:22  SCV x2  
  171  9:24  SCV  
  172  9:30  Siege Tank x2  
  124  9:33  Hellion x2  
  124  9:34  SCV  
  110  9:40  SCV x2  
  110  9:42  Siege Tank  
  103  9:46  SCV  
  93  9:54  Hellion  
  93  9:55  Hellion  
  93  9:56  Hellion  
  93  9:57  Hellion  
  100  10:02  Siege Tank  
  100  10:06  SCV x2  
  103  10:08  Siege Tank  
  106  10:14  Hellion  
  106  10:16  Hellion x2  
  106  10:19  Command Center  
  112  10:23  SCV x2  
  112  10:28  Planetary Fortress  
  114  10:34  Siege Tank  
  114  10:35  SCV x2  
  119  10:36  Siege Tank  
  120  10:47  SCV x2, Siege Tank  
  125  11:03  Hellion x4, SCV x2  
  135  11:06  SCV, Siege Tank  
  135  11:09  Siege Tank  
  140  11:15  SCV  
  140  11:16  SCV  
  139  11:19  Siege Tank  
  139  11:20  Refinery  
  135  11:37  Hellion x5  
  135  11:38  Siege Tank  
  128  11:41  Hellion x2, Siege Tank  
  128  11:42  Hellion x2  
  128  11:43  Terran Vehicle Weapons Level 3  
  128  11:44  Terran Vehicle And Ship Armor Level 3  
  139  11:52  Siege Tank  
  142  11:54  Viking  
  144  12:03  Hellion x4  
  144  12:04  Command Center  
  152  12:10  Siege Tank  
  152  12:12  SCV x2  
  157  12:17  Planetary Fortress  
  157  12:21  Siege Tank  
  160  12:24  Siege Tank  
  163  12:34  Refinery x2  
  163  12:40  Viking x2  
  163  12:46  Hellion  
  163  12:47  Siege Tank  
  163  12:50  Hellion  
  160  13:05  Supply Depot x2  
  160  13:06  Supply Depot  
  160  13:15  Viking x2  
  164  13:27  Hellion x2, SCV x3, Siege Tank x3  
  164  13:33  Command Center, Hellion  
  182  13:45  Viking x2  
  170  13:59  Thor x2  
  170  14:01  Siege Tank  
  170  14:02  Hellion  
  184  14:15  Planetary Fortress  
  184  14:16  Barracks  
  184  14:25  Viking x2  
  179  14:53  Siege Tank x2  
  179  14:54  Siege Tank  
  179  14:55  Viking x2, Hellion x4  
Show
View Real Time Build Order
Export as new Build Order

Stephano Zerg 

Build Orders: Hatch First 

Get SALT Encoding   

  12  0:01  Drone  
  13  0:12  Overlord  
  13  0:16  Drone  
  14  0:30  Drone  
  14  0:31  Drone  
  14  0:34  Drone  
  17  0:51  Hatchery  
  17  0:54  Drone  
  17  0:57  Drone  
  18  1:08  Extractor  
  17  1:12  Spawning Pool  
  17  1:15  Drone  
  17  1:18  Drone  
  18  1:28  Drone  
  19  1:39  Overlord  
  19  1:51  Drone  
  20  1:59  Queen  
  20  2:00  Zergling x2  
  23  2:02  Queen  
  23  2:03  Zergling x2  
  26  2:11  Drone  
  27  2:20  Hatchery  
  26  2:26  Metabolic Boost  
  26  2:29  Drone  
  27  2:33  Drone  
  27  2:34  Drone  
  29  2:42  Queen  
  31  2:45  Drone  
  31  2:48  Drone  
  33  2:52  Overlord  
  33  2:54  Drone  
  33  2:58  Drone  
  35  3:00  Drone  
  36  3:10  Drone  
  36  3:11  Drone x2  
  36  3:12  Drone  
  40  3:13  Overlord  
  40  3:15  Drone  
  40  3:19  Queen  
  43  3:22  Drone  
  44  3:27  Overlord  
  44  3:31  Queen  
  47  3:34  Drone x2  
  47  3:36  Drone  
  47  3:38  Zergling x2  
  47  3:40  Zergling x2  
  51  3:44  Drone x2  
  51  3:45  Drone  
  55  3:48  Drone  
  55  3:51  Drone x2  
  55  3:52  Drone  
  58  3:56  Zergling x2  
  58  3:57  Zergling x2  
  58  4:03  Zergling x6  
  58  4:08  Spore Crawler  
  58  4:09  Drone x2  
  62  4:11  Drone  
  62  4:14  Spore Crawler  
  62  4:15  Spore Crawler  
  61  4:18  Overlord x2  
  61  4:21  Overlord  
  61  4:24  Evolution Chamber  
  60  4:31  Evolution Chamber  
  59  4:36  Queen  
  60  4:42  Drone  
  60  4:48  Drone x9  
  60  4:49  Drone  
  69  4:53  Drone  
  69  4:56  Drone  
  69  4:59  Drone x2  
  70  5:01  Zerg Missile Weapons Level 1, Zerg Ground Armor Level 1  
  70  5:05  Zergling x4  
  72  5:14  Zergling x8  
  72  5:15  Extractor  
  72  5:16  Extractor  
  72  5:17  Extractor  
  72  5:19  Extractor  
  72  5:27  Drone x3  
  72  5:33  Drone x2  
  72  5:35  Overlord  
  74  5:36  Drone x3  
  74  5:37  Zergling x4  
  79  5:43  Drone  
  79  5:47  Drone  
  74  5:58  Lair  
  74  5:59  Zergling x18  
  74  6:02  Drone  
  74  6:03  Drone x2  
  84  6:07  Queen  
  84  6:08  Queen  
  88  6:12  Extractor  
  88  6:15  Zergling x2, Hatchery  
  88  6:16  Zergling x4  
  89  6:23  Baneling Nest  
  89  6:24  Overlord x3  
  88  6:36  Overlord  
  88  6:40  Overlord  
  88  6:41  Drone  
  88  6:43  Drone x2  
  88  6:44  Drone x2  
  88  6:45  Drone  
  88  6:46  Drone x3  
  97  6:53  Drone x2  
  99  6:57  Hatchery  
  99  6:58  Zerg Missile Weapons Level 2, Zerg Ground Armor Level 2  
  98  7:03  Hydralisk Den, Overlord  
  98  7:05  Drone x6  
  98  7:06  Baneling  
  98  7:07  Baneling  
  103  7:11  Baneling x6  
  103  7:13  Overlord  
  103  7:14  Drone x2  
  105  7:23  Overlord  
  105  7:30  Centrifical Hooks  
  105  7:31  Hydralisk  
  105  7:32  Hydralisk x3  
  105  7:33  Hydralisk  
  105  7:35  Overlord  
  115  7:38  Extractor, Zergling x6  
  115  7:39  Zergling x10  
  115  7:42  Muscular Augments  
  122  7:48  Hydralisk x2  
  122  7:50  Hydralisk  
  128  7:54  Hydralisk  
  128  7:58  Hydralisk  
  132  8:03  Hydralisk x2  
  132  8:04  Spine Crawler  
  135  8:06  Overlord x2, Zergling x2  
  135  8:07  Zergling x12  
  142  8:13  Hydralisk x4  
  150  8:21  Zergling x14  
  157  8:28  Overlord  
  158  8:34  Zergling x16  
  158  8:38  Baneling x14  
  165  8:44  Zergling x6  
  165  8:45  Zergling x10  
  173  8:51  Spine Crawler  
  173  8:54  Baneling x12  
  170  8:57  Zergling x2  
  170  8:58  Zergling x10  
  175  9:03  Zergling x10  
  175  9:08  Baneling x4  
  178  9:12  Zergling x2  
  178  9:13  Zergling x8  
  183  9:24  Zergling x10  
  172  9:29  Zergling x2  
  172  9:30  Zergling x8  
  137  9:34  Hydralisk x3  
  137  9:38  Hydralisk x3  
  133  9:44  Hydralisk x2  
  140  9:46  Queen  
  140  9:49  Infestation Pit  
  141  9:53  Hydralisk x3  
  141  9:54  Hydralisk x2  
  148  10:06  Hydralisk x5  
  148  10:11  Overlord  
  148  10:12  Drone x3  
  149  10:19  Hydralisk  
  149  10:20  Hydralisk x3  
  157  10:24  Hydralisk x2  
  157  10:27  Baneling x7  
  157  10:28  Hatchery  
  159  10:32  Hive  
  159  10:39  Spine Crawler  
  159  10:40  Hydralisk x3  
  159  10:41  Hydralisk x5  
  173  10:53  Zergling x20  
  173  10:55  Baneling x3  
  173  10:56  Baneling x9  
  182  11:06  Zergling x20  
  190  11:19  Zergling x2  
  190  11:20  Zergling x14  
  190  11:21  Overlord x2  
  190  11:22  Zerg Melee Weapons Level 1  
  194  11:28  Zergling x10  
  194  11:32  Zergling x8  
  157  11:40  Drone x6  
  157  11:45  Zerg Missile Weapons Level 3  
  157  11:46  Viper  
  163  11:47  Viper  
  163  11:48  Spire  
  168  11:55  Drone  
  168  11:56  Drone x3  
  172  12:01  Viper  
  172  12:03  Extractor  
  172  12:04  Extractor  
  173  12:15  Pneumatized Carapace  
  173  12:20  Drone x2  
  173  12:22  Spine Crawler x2, Drone x3  
  177  12:23  Drone x3  
  177  12:25  Overseer  
  179  12:30  Baneling x3  
  179  12:31  Baneling  
  178  12:39  Viper  
  178  12:42  Drone x2  
  171  12:55  Drone x3  
  171  12:56  Drone x2  
  172  12:59  Drone  
  172  13:02  Corruptor x2, Zerg Flyer Armor Level 1  
  172  13:03  Corruptor x2  
  181  13:10  Drone x4  
  181  13:11  Drone  
  186  13:16  Spine Crawler  
  185  13:24  Hatchery  
  184  13:30  Hydralisk x8  
  199  13:47  Evolution Chamber  
  196  13:50  Evolution Chamber  
  196  13:51  Evolution Chamber  
  196  13:53  Hydralisk x10  
  182  13:57  Viper  
  182  13:59  Hydralisk x4  
  181  14:26  Viper  
  184  14:33  Baneling x2  
  184  14:34  Baneling x12, Zergling x6  
  184  14:35  Zergling x16  
  195  14:52  Zergling x22  
Tags
 
Add a new tag
Caveats
  • Supply blocks, unpowered buildings, or Contaminate may cause inaccurate times.
  • Supply counts are checked every 10 seconds.